AoeStats
← AiM | Facu1414

MegaRandom

508561610Analyzed
4v4 RM · 8d ago on Sep 23, 2026· 36m 20s· 8 players
Game mode
Random Map
Map size
Large (8 player)
Population
200
Speed
Normal
Resources
Standard
Victory
Conquest
Starting age
Dark Age
Ending age
Imperial Age
RankedLock teamsTeams togetherTeam positionsShared explorationLock speedFull tech treeHidden civsTurbo modeCheats
Victory
Defeat
🇦🇷 Lithuanians · Argentina
1558
+12
🇨🇱 Mongols · Chile
1390
+19
🇨🇱 Portuguese · Chile
1356
+20
🇺🇸 Britons · United States
1341
+22
🇺🇸 Saxons · United States
1476
-19
🇺🇸 Varangians · United States
1470
-19
🇺🇸 Mongols · United States
1448
-18
🇨🇳 Koreans · China
1440
-17
frivolous spender
6:46 Loom
11:33 Feudal Age
17:02 Castle Age
15:48 Double-Bit Axe
20:16 Fletching
21:49 Bodkin Arrow
26:29 Bloodlines
31:59 Ballistics
31:41 Padded Archer Armor
32:21 Bow Saw
33:07 Wheelbarrow
34:05 Gold Mining
35:41 Leather Archer Armor
busy pushing deer
7:29 Loom
9:51 Feudal Age
9:56 Man-at-Arms
15:07 Double-Bit Axe
17:56 Fletching
22:43 Wheelbarrow
25:53 Castle Age
25:26 Gold Mining
26:02 Crossbowman
26:46 Bodkin Arrow
26:52 Padded Archer Armor
27:01 Horse Collar
29:20 Ballistics
Chase_The_Dragon
6:37 Loom
9:34 Feudal Age
10:04 Horse Collar
10:10 Double-Bit Axe
18:17 Castle Age
17:02 Bloodlines
17:43 Scale Barding Armor
18:30 Forging
20:55 Chain Barding Armor
21:18 Husbandry
24:38 Iron Casting
32:51 Town Watch
33:10 Vendel Legacy
大骚刚
11:37 Feudal Age
15:25 Castle Age
14:22 Double-Bit Axe
15:37 Loom
16:47 Gold Mining
31:24 Fletching
AiM | _MrSuomi
8:59 Loom
11:20 Feudal Age
14:36 Double-Bit Axe
16:50 Fletching
22:57 Castle Age
21:15 Padded Archer Armor
21:30 Horse Collar
23:02 Crossbowman
23:20 Crossbowman
27:44 Bodkin Arrow
30:56 Ballistics
33:19 Elite Skirmisher
35:09 Leather Archer Armor
37:29 Wheelbarrow
AiM | Pibe cantina
8:35 Loom
11:46 Feudal Age
16:23 Double-Bit Axe
17:12 Fletching
20:45 Castle Age
19:01 Padded Archer Armor
21:10 Crossbowman
22:06 Bodkin Arrow
23:47 Careening
24:03 Ballistics
26:44 Bow Saw
26:47 Thumb Ring
28:44 Town Watch
AiM | Facu1414
6:27 Loom
10:02 Feudal Age
10:46 Double-Bit Axe
12:46 Forging
14:48 Horse Collar
18:18 Bloodlines
22:28 Castle Age
20:29 Gold Mining
22:59 Scale Barding Armor
23:57 Chain Barding Armor
26:35 Iron Casting
26:53 Husbandry
AiM | TheBlackMamba
2:48 Loom
10:53 Feudal Age
15:05 Castle Age
13:04 Double-Bit Axe
16:08 Bow Saw
21:51 Scale Barding Armor
24:41 Scale Mail Armor
24:54 Forging
25:12 Bloodlines
27:33 Scale Mail Armor
27:53 Chain Barding Armor
29:34 Husbandry
30:12 Iron Casting
36:05 Horse Collar
Connection lost

Rejoining the realm…

Still unreachable

The connection could not be restored.

Session expired

The server has moved on; the page needs a fresh start.